 Dungeon Crawl Stone Soup version 0.17-a0-1731-g129c023 (webtiles) character file.

128 RedzDrunk the Chiller (level 5, -4/30 HPs)
             Began as a Gargoyle Ice Elementalist on Aug 29, 2015.
             Slain by an ogre
             ... wielding a +0 giant club
              (21 damage)
             ... on level 4 of the Dungeon.
             The game lasted 00:12:27 (3038 turns).

RedzDrunk the Chiller (Gargoyle Ice Elementalist)   Turns: 3038, Time: 00:12:27

Health: -4/30      AC:  8    Str: 11    XL:     5   Next: 11%
Magic:  1/8        EV: 12    Int: 17    God:
Gold:   151        SH:  0    Dex: 10    Spells: 2 memorised, 5 levels left

rFire  . . .     SeeInvis .     x - +4 club
rCold  . . .     Clarity  .     a - +0 robe
rNeg   + . .     SustAt   .     (no shield)
rPois  ∞         Gourm    .     (no helmet)
rElec  +         Spirit   .     h - +0 cloak
rCorr  .         Warding  .     f - +0 pair of gloves
rMut   .         Stasis   .     (no boots)
MR     .....                    (no amulet)
Stlth  ++........               (no ring)
                                (no ring)

@: not resistant to hostile enchantments, unstealthy
A: negative energy resistance 1, electricity resistance, unbreathing,
petrification resistance, rot immunity, AC +4
a: no special abilities


You were on level 4 of the Dungeon.
You were very hungry.

You visited 1 branch of the dungeon, and saw 4 of its levels.

You collected 151 gold pieces.

Inventory:

Hand weapons
 x - a +4 club (weapon)
Armour
 a - a +0 robe (worn)
 f - a +0 pair of gloves (worn)
 h - a +0 cloak (worn)
Magical devices
 v - a wand of frost (8)
Scrolls
 e - 3 scrolls of identify
 i - a scroll of random uselessness {unknown}
 k - 3 scrolls of teleportation {unknown}
 p - a scroll of enchant weapon {unknown}
 r - a scroll of magic mapping {unknown}
 t - a scroll of immolation {unknown}
 y - a scroll of recharging {unknown}
 z - a scroll of remove curse
Potions
 d - 3 potions of might {unknown}
 g - 4 potions of agility {unknown}
 j - a potion of curing
 n - a potion of cure mutation {unknown}
 o - a potion of invisibility {unknown}
 q - a potion of flight {unknown}
 s - a potion of degeneration {unknown}
 w - a potion of haste {unknown}
 A - a potion of mutation {unknown}
Books
 b - a book of Frost

   Spells                             Type                      Level
   a - Freeze                         Ice                          1
   b - Throw Frost                    Conjuration/Ice              2
   c - Ozocubu's Armour               Charms/Ice                   3
   d - Throw Icicle                   Conjuration/Ice              4
   e - Summon Ice Beast               Ice/Summoning                4
   f - Condensation Shield            Ice                          4
Comestibles
 c - 5 bread rations
 l - a royal jelly
 m - 7 fruits
 u - a meat ration


   Skills:
 * Level 2.1 Fighting
 * Level 1.1 Maces & Flails
 + Level 2.1 Dodging
 + Level 3.3 Stealth
 + Level 2.3 Spellcasting
 - Level 1.1 Conjurations
 + Level 3.8 Ice Magic


You had 5 spell levels left.
You knew the following spells:

 Your Spells              Type           Power        Failure   Level  Hunger
a - Throw Frost           Conj/Ice       ##....       12%         2    ###....
b - Freeze                Ice            ##..         4%          1    #......


Dungeon Overview and Level Annotations

Branches:
Dungeon (4/15)
 Temple: D:4-7

Altars:
Ru
Sif Muna
Yredelemnul


Innate Abilities, Weirdness & Mutations

You are resistant to torment.
Your stone body is resilient (AC +4).
You are immune to poison.
You resist negative energy.
You are resistant to electric shocks.
You can survive without breathing.
You are immune to petrification.
You are immune to rotting.


Message History

Casting: Throw Frost
Confirm with . or Enter, or press ? or * to list all spells.
Aiming: Throw Frost
Press: ? - help, Shift-Dir - straight line, f/p - ogre
Aim: an ogre, wielding a giant club (severely wounded)
The puff of frost misses the ogre.
You hit the ogre.
The ogre is severely wounded.
The ogre barely misses you.
You hit the ogre.
The ogre is severely wounded.
The ogre hits you with a giant club!
You closely miss the ogre.
The ogre is severely wounded.
The ogre completely misses you.
You hit the ogre.
The ogre is almost dead.
The ogre hits you with a giant club!!
Ouch! That really hurt!
You die...

###### ##....##
##..<...#
#..#####.......# ##
#...........###
.######
####.......##
##....... ####....#
#........ ##....#
##........
#.....###@O.......
##..........##.....
# ###.........###
.##
#####.........###
......#####...#
#...### #..## #####
#÷.# #..# #..#


You could see an ogre.

Vanquished Creatures
  Robin (D:3)
  5 adders
  2 worms (D:3)
  3 giant geckos
  An orc (D:3)
  6 bats
  2 giant cockroaches
  10 hobgoblins
  4 jackals
  8 kobolds
  A ball python (D:3)
  2 giant newts
  9 goblins
  A quokka (D:3)
  9 rats
64 creatures vanquished.

Notes
Turn   | Place    | Note
--------------------------------------------------------------
     0 | D:1      | RedzDrunk the Gargoyle Ice Elementalist began the quest for the Orb.
     0 | D:1      | Reached XP level 1. HP: 10/10 MP: 3/3
   188 | D:1      | Reached XP level 2. HP: 12/15 MP: 5/5
   192 | D:1      | Learned a level 2 spell: Throw Frost
   971 | D:2      | Found a deep blue altar of Sif Muna.
   997 | D:2      | Found a faded altar to an unknown god.
  1056 | D:2      | Reached XP level 3. HP: 12/19 MP: 0/6
  1256 | D:2      | Reached skill level 1 in Fighting
  1561 | D:2      | Reached XP level 4. HP: 8/25 MP: 0/7
  1892 | D:2      | Found a basalt altar of Yredelemnul.
  1892 | D:2      | Found a sacrificial altar of Ru.
  2288 | D:3      | Noticed Robin
  2288 | D:3      | Reached skill level 1 in Maces & Flails
  2296 | D:3      | Killed Robin
  2515 | D:3      | Reached XP level 5. HP: 25/30 MP: 4/8
  3008 | D:4      | Noticed an ogre
  3038 | D:4      | Slain by an ogre

Vault maps used:
D:1:      minmay_arrival_stone_box
D:2:      gammafunk_temple_overflow_wave, led_sif_pool, ecumenical_altar_2,
          first_bread, minivault_23
D:3:      uniq_robin
D:4:      minmay_temple_entry_mist, minmay_misc_feat_square, uniq_grinder,
          uniq_blork_the_orc

Action                   |  1- 3 |  4- 6 || total
-------------------------+-------+-------++-------
Melee: Short sword       |    72 |       ||    72
       Unarmed           |     4 |       ||     4
       Club              |    57 |   106 ||   163
 Cast: Freeze            |    21 |    15 ||    36
       Throw Frost       |     7 |    16 ||    23
  Use: Scroll            |       |     2 ||     2
 Stab: Sleeping          |     4 |     3 ||     7
  Eat: Chunk             |     3 |     5 ||     8
